Red Wings vs Jets
(R1)
Created - March 30, 2022 at 19:16
Goals
|
| Red Wings |
2 |
0 |
0 |
0 |
2 |
| Jets |
1 |
0 |
1 |
1 |
3 |
|
Shots
|
| Red Wings |
17 |
12 |
11 |
2 |
42 |
| Jets |
11 |
13 |
9 |
1 |
34 |
|
1st period
1. Red Wings , Nino Niederreiter 18 (Henrik Zetterberg 26, Marko Dano 20) at 5:17 (PP)
2. Red Wings , Nino Niederreiter 19 (Henrik Zetterberg 27, Marko Dano 21) at 10:49 (PP)
3. Jets , Marcus Johansson 11 (Johnny Boychuk 7, Kyle Okposo 12) at 15:20
Penalties :
Carson Mcmillan (Det) for Hooking (Minor) at 0:56, Michal Neuvirth (Win) for Delaying the game (Minor) at 5:03 - Brent Burns served the penalty, Nino Niederreiter (Det) for High sticking (Minor) at 8:39, Max Domi (Win) for Hooking (Minor) at 9:27, Adam Henrique (Win) for Holding (Minor) at 10:19, Alexander Wennberg (Win) for Roughing (Minor) at 16:07, Noel Acciari (Win) for Slashing (Minor) at 19:16
2nd period
No Goal
Penalties :
No Penalty
3rd period
4. Jets , Dougie Hamilton 4 (Marcus Johansson 14, Michal Neuvirth) at 12:16 (PP)
Penalties :
Jake McCabe (Win) for Slashing (Minor) at 2:09, Carson Mcmillan (Det) for Tripping (Minor) at 12:05, Linus Omark (Win) for Hooking (Minor) at 17:45
Overtime #1
5. Jets , Adam Henrique 23 (Alexander Wennberg 24) at 3:49
Penalties :
No Penalty
Goalie Stats
Mike McKenna (Det), 31 saves from 34 shots - (0.912), OTL, 5-1-1, 63:49 minutes
Michal Neuvirth (Win), 40 saves from 42 shots - (0.952), W, 17-18-1, 63:49 minutes
Players Stats for Red Wings
Player Name G A P +/- PIM S H SB GA TA FO MP PP MP PK MP
------------------------------------------------------------------------------------
Carson Mcmillan 0 0 0 -1 4 5 0 1 1 1 0/0 12:57 0:00 0:27
Connor Brown 0 0 0 0 0 3 1 0 0 0 1/1 15:24 4:08 0:00
David Rundblad 0 0 0 0 0 0 1 2 0 0 0/0 17:46 3:27 0:00
Drew Fata 0 0 0 0 0 6 1 1 0 1 0/0 21:35 0:00 2:20
Dylan Larkin 0 0 0 -1 0 4 1 2 0 0 1/5 17:19 4:08 0:00
Henrik Zetterberg 0 2 2 -1 0 3 1 0 1 0 21/41 23:26 5:42 0:00
Jiri Fischer 0 0 0 -1 0 0 1 3 0 1 0/0 15:57 0:00 0:00
Jordin Tootoo 0 0 0 0 0 1 2 0 1 0 0/0 7:39 0:00 0:00
Kris Versteeg 0 0 0 0 0 2 2 1 2 1 2/5 23:24 6:12 1:57
Marko Dano 0 2 2 -1 0 4 3 0 0 0 0/0 20:11 5:42 0:18
Michael Haley 0 0 0 0 0 2 2 0 1 0 0/0 8:40 0:00 1:01
Mike Richards 0 0 0 0 0 3 4 0 0 0 4/8 17:06 4:08 0:00
Nino Niederreiter 2 0 2 0 2 4 1 1 1 0 1/2 22:46 5:42 1:12
Ole-Kristian Tollefsen 0 0 0 -2 0 1 1 3 0 2 0/0 24:00 3:38 2:20
Philip Samuelsson 0 0 0 -1 0 3 1 3 2 0 0/0 29:18 6:23 0:38
Ryan O'Byrne 0 0 0 0 0 0 0 0 0 2 0/0 12:25 0:00 0:38
Ryane Clowe 0 0 0 -1 0 0 0 0 0 1 0/0 12:31 0:00 0:00
T.J. Hensick 0 0 0 0 0 1 0 0 1 0 2/3 8:40 0:00 1:01
Players Stats for Jets
Player Name G A P +/- PIM S H SB GA TA FO MP PP MP PK MP
------------------------------------------------------------------------------------
Adam Henrique 1 0 1 2 2 6 1 2 0 1 9/16 16:59 1:20 0:58
Alexander Wennberg 0 1 1 1 2 2 0 0 2 0 3/4 13:10 0:00 0:00
Brent Burns 0 0 0 0 0 0 1 4 1 1 0/0 24:09 1:56 3:42
Dougie Hamilton 1 0 1 1 0 3 0 1 2 1 0/0 21:25 1:56 0:00
Jake McCabe 0 0 0 1 2 2 1 0 0 1 0/0 16:27 1:02 0:00
Jamie Benn 0 0 0 0 0 2 0 1 0 0 0/0 18:26 1:38 3:19
Jason Pominville 0 0 0 0 0 2 0 0 1 0 1/2 11:45 0:00 3:21
Jeff Schultz 0 0 0 0 0 2 1 1 0 0 0/0 26:34 1:02 6:27
Johnny Boychuk 0 1 1 1 0 1 1 2 0 2 0/0 17:54 0:00 6:27
Jordan Martinook 0 0 0 0 0 0 0 0 0 1 0/0 7:39 0:00 0:00
Kyle Okposo 0 1 1 1 0 0 0 0 0 0 1/1 14:22 1:20 0:00
Linus Omark 0 0 0 0 2 0 1 0 1 0 0/5 17:03 0:00 5:13
Marco Scandella 0 0 0 1 0 0 1 5 0 1 0/0 21:08 0:00 3:42
Marcus Johansson 1 1 2 1 0 7 2 0 1 0 1/2 14:22 1:20 0:00
Max Domi 0 0 0 0 2 3 0 2 0 1 1/1 13:59 1:37 0:00
Noel Acciari 0 0 0 0 2 0 1 1 0 0 5/9 12:52 0:00 4:49
Ryan Johansen 0 0 0 0 0 2 2 0 1 1 10/22 19:37 1:38 2:08
Viktor Arvidsson 0 0 0 0 0 2 1 0 0 0 2/3 15:48 0:00 0:00
3 Stars
1 - Michal Neuvirth (Win)
2 - Marcus Johansson (Win)
3 - Nino Niederreiter (Det)
Power Play
Red Wings - 2 on 7 Attempt(s) - 28.57%
Jets - 1 on 3 Attempt(s) - 33.33%
Penalty Kill
Red Wings - 2 on 3 Attempt(s) - 66.67%
- Score 0 goal in Penalty Kill
Jets - 5 on 7 Attempt(s) - 71.43%
- Score 0 goal in Penalty Kill
Team Stat
Red Wings - Hits : 22 - Faceoff Wins : 32 - Blocked Shots : 17 - Penalty Minutes : 6
Jets - Hits : 13 - Faceoff Wins : 33 - Blocked Shots : 19 - Penalty Minutes : 14
Official
Referees : Mitch Dunning and Dan O'Rourke
Linesman : Mark Shewchyk and Brandon Gawryletz
Game Notes
No Game Note
Finance
Level 1 -- Attendance: 5371 (89.52%) -- Ticket Income $537,100
Level 2 -- Attendance: 4951 (99.02%) -- Ticket Income $297,060
Level 3 -- Attendance: 1864 (93.20%) -- Ticket Income $65,240
Level 4 -- Attendance: 3648 (91.20%) -- Ticket Income $91,200
Luxury Box -- Attendance: 914 (91.40%) -- Ticket Income $182,800
Game was played at the Bell MTS Place.
Total Attendance: 16748 (93.04%)
Total Ticket Income: $1,173,400
Other Income: $176,010
Total Income: $1,349,410
Red Wings
5 vs 5 Forward
Center Left Wing Right Wing Time % Phy DF OF
1 Henrik Zetterberg Kris Versteeg Nino Niederreiter 40 0 2 3
2 Mike Richards Marko Dano Connor Brown 30 0 2 3
3 Dylan Larkin Ryane Clowe Carson Mcmillan 20 0 2 3
4 T.J. Hensick Michael Haley Jordin Tootoo 10 0 3 2
5 vs 5 Defense
Defense Defense Time % Phy DF OF
1 Philip Samuelsson Drew Fata 40 0 2 3
2 Jiri Fischer Ole-Kristian Tollefsen 30 0 2 3
3 Ryan O'Byrne David Rundblad 20 0 2 3
4 Ryan O'Byrne David Rundblad 10 0 3 2
PowerPlay Forward
Center Left Wing Right Wing Time % Phy DF OF
1 Henrik Zetterberg Marko Dano Nino Niederreiter 60 0 1 4
2 Mike Richards Dylan Larkin Connor Brown 40 0 1 4
PowerPlay Defense
Defense Defense Time % Phy DF OF
1 Philip Samuelsson Kris Versteeg 60 0 1 4
2 David Rundblad Ole-Kristian Tollefsen 40 0 1 4
Penalty Kill 4 Players Forward
Center Wing Time % Phy DF OF
1 Kris Versteeg Carson Mcmillan 60 0 4 1
2 T.J. Hensick Michael Haley 40 0 4 1
Penalty Kill 4 Players Defense
Defense Defense Time % Phy DF OF
1 Ole-Kristian Tollefsen Drew Fata 60 1 4 0
2 Philip Samuelsson Ryan O'Byrne 40 1 4 0
Penalty Kill - 3 Players Forward
Forward Time % Phy DF OF
1 Carson Mcmillan 60 1 4 0
2 Michael Haley 40 1 4 0
Penalty Kill - 3 Players Defense
Defense Defense Time % Phy DF OF
1 Ole-Kristian Tollefsen Ryan O'Byrne 60 0 5 0
2 Philip Samuelsson Drew Fata 40 0 5 0
4 vs 4 Forward
Center Wing Time % Phy DF OF
1 Henrik Zetterberg Marko Dano 55 0 2 3
2 Mike Richards Nino Niederreiter 45 0 2 3
4 vs 4 Defense
Defense Defense Time % Phy DF OF
1 Philip Samuelsson Ole-Kristian Tollefsen 60 0 3 2
2 David Rundblad Jiri Fischer 40 0 3 2
Last Minutes Offensive
Center Left Wing Right Wing Defense Defense
Henrik Zetterberg Kris Versteeg Nino Niederreiter Philip Samuelsson Marko Dano
Last Minutes Defensive
Center Left Wing Right Wing Defense Defense
T.J. Hensick Michael Haley Carson Mcmillan Ole-Kristian Tollefsen Drew Fata
Goaltenders
Starting : Mike McKenna
Backup : Robin Lehner
Extra Forwards
Normal : Dylan Larkin, Kris Versteeg, Connor Brown - PP : Ryane Clowe, Carson Mcmillan - PK : Nino Niederreiter
Extra Defensemen
Normal : Philip Samuelsson, Drew Fata, David Rundblad - PP : David Rundblad - PK : Jiri Fischer, David Rundblad
Penalty Shots
Kris Versteeg, Dylan Larkin, Marko Dano, Mike Richards, Carson Mcmillan
Scratches
David Krejci (Healthy), Jakub Kindl (Healthy), Tye McGinn (Suspend)
Jets
5 vs 5 Forward
Center Left Wing Right Wing Time % Phy DF OF
1 Adam Henrique Marcus Johansson Kyle Okposo 35 0 2 3
2 Ryan Johansen Jamie Benn Viktor Arvidsson 35 0 2 3
3 Alexander Wennberg Linus Omark Max Domi 20 0 2 3
4 Noel Acciari Jordan Martinook Jason Pominville 10 1 2 2
5 vs 5 Defense
Defense Defense Time % Phy DF OF
1 Dougie Hamilton Jeff Schultz 40 0 2 3
2 Marco Scandella Brent Burns 30 0 2 3
3 Jake McCabe Johnny Boychuk 20 1 2 2
4 Jeff Schultz Jake McCabe 10 1 2 2
PowerPlay Forward
Center Left Wing Right Wing Time % Phy DF OF
1 Ryan Johansen Jamie Benn Max Domi 60 0 0 5
2 Adam Henrique Marcus Johansson Kyle Okposo 40 0 0 5
PowerPlay Defense
Defense Defense Time % Phy DF OF
1 Brent Burns Dougie Hamilton 60 0 1 4
2 Jake McCabe Jeff Schultz 40 0 1 4
Penalty Kill 4 Players Forward
Center Wing Time % Phy DF OF
1 Noel Acciari Linus Omark 60 0 4 1
2 Ryan Johansen Jamie Benn 40 0 4 1
Penalty Kill 4 Players Defense
Defense Defense Time % Phy DF OF
1 Johnny Boychuk Jeff Schultz 60 0 4 1
2 Marco Scandella Brent Burns 40 0 4 1
Penalty Kill - 3 Players Forward
Forward Time % Phy DF OF
1 Linus Omark 60 0 4 1
2 Noel Acciari 40 0 4 1
Penalty Kill - 3 Players Defense
Defense Defense Time % Phy DF OF
1 Johnny Boychuk Jeff Schultz 60 0 5 0
2 Marco Scandella Brent Burns 40 0 5 0
4 vs 4 Forward
Center Wing Time % Phy DF OF
1 Ryan Johansen Viktor Arvidsson 60 1 2 2
2 Alexander Wennberg Adam Henrique 40 1 2 2
4 vs 4 Defense
Defense Defense Time % Phy DF OF
1 Brent Burns Jake McCabe 60 1 2 2
2 Marco Scandella Dougie Hamilton 40 1 2 2
Last Minutes Offensive
Center Left Wing Right Wing Defense Defense
Adam Henrique Marcus Johansson Max Domi Jake McCabe Dougie Hamilton
Last Minutes Defensive
Center Left Wing Right Wing Defense Defense
Ryan Johansen Jamie Benn Jason Pominville Jeff Schultz Marco Scandella
Goaltenders
Starting : Michal Neuvirth
Backup : Marc-André Fleury
Extra Forwards
Normal : Jason Pominville, Max Domi, Viktor Arvidsson - PP : Jason Pominville, Alexander Wennberg - PK : Jason Pominville
Extra Defensemen
Normal : Dougie Hamilton, Jake McCabe, Johnny Boychuk - PP : Dougie Hamilton - PK : Dougie Hamilton, Jake McCabe
Penalty Shots
Viktor Arvidsson, Jamie Benn, Ryan Johansen, Linus Omark, Marcus Johansson
Scratches
None
% Time on Ice - Red Wings
Lines # - Real PCT - Wanted PCT - Time Play
Normal Forward
1 - 32% - 40% - 14:35
2 - 24% - 30% - 11:16
3 - 27% - 20% - 12:31
4 - 17% - 10% - 7:39
Normal Defense
1 - 43% - 40% - 19:40
2 - 32% - 30% - 14:34
3 - 19% - 20% - 8:34
4 - 7% - 10% - 3:13
PP Forward
1 - 58% - 60% - 5:42
2 - 42% - 40% - 4:08
PP Defense
1 - 65% - 60% - 6:23
2 - 35% - 40% - 3:27
PK Forward
1 - 66% - 60% - 1:57
2 - 34% - 40% - 1:01
PK Defense
1 - 79% - 60% - 2:20
2 - 21% - 40% - 0:38
PK3 Forward
1 - 0% - 60%
2 - 0% - 40%
PK3 Defense
1 - 0% - 60%
2 - 0% - 40%
44 Forward
1 - 66% - 55% - 3:18
2 - 34% - 45% - 1:42
44 Defense
1 - 66% - 60% - 3:19
2 - 34% - 40% - 1:41
Last Minute Offensive - 0:00
Last Minute Defensive - 0:00
Total
Forward - 63:49
Defense - 63:49
|
% Time on Ice - Jets
Lines # - Real PCT - Wanted PCT - Time Play
Normal Forward
1 - 30% - 35% - 13:35
2 - 28% - 35% - 13:00
3 - 26% - 20% - 11:47
4 - 17% - 10% - 7:39
Normal Defense
1 - 40% - 40% - 18:12
2 - 34% - 30% - 15:44
3 - 24% - 20% - 10:53
4 - 3% - 10% - 1:12
PP Forward
1 - 55% - 60% - 1:38
2 - 45% - 40% - 1:20
PP Defense
1 - 65% - 60% - 1:56
2 - 35% - 40% - 1:02
PK Forward
1 - 78% - 60% - 7:31
2 - 22% - 40% - 2:08
PK Defense
1 - 62% - 60% - 5:57
2 - 38% - 40% - 3:42
PK3 Forward
1 - 100% - 60% - 0:30
2 - 0% - 40% - 0:00
PK3 Defense
1 - 100% - 60% - 0:30
2 - 0% - 40% - 0:00
44 Forward
1 - 73% - 60% - 3:24
2 - 27% - 40% - 1:17
44 Defense
1 - 60% - 60% - 2:50
2 - 40% - 40% - 1:51
Last Minute Offensive - 0:00
Last Minute Defensive - 0:00
Total
Forward - 63:49
Defense - 63:49
|
Play-by-Play
1st period
0:01 of 1st period - Nino Niederreiter wins face-off versus Adam Henrique in neutral zone.
0:12 of 1st period - Philip Samuelsson is hit by Jeff Schultz and loses puck.
0:27 of 1st period - Jeff Schultz is hit by Marko Dano and loses puck.
0:32 of 1st period - Snap shot by Marko Dano.
0:32 of 1st period - Stopped by Michal Neuvirth without a rebound.
0:33 of 1st period - Alexander Wennberg wins face-off versus Dylan Larkin in Jets zone.
0:56 of 1st period - Minor Penalty to Carson Mcmillan for Hooking.
0:57 of 1st period - Ryan Johansen wins face-off versus Kris Versteeg in Red Wings zone.
1:04 of 1st period - Slapshot by Max Domi.
1:04 of 1st period - Stopped by Mike McKenna without a rebound.
1:05 of 1st period - Ryan Johansen wins face-off versus Kris Versteeg in Red Wings zone.
1:12 of 1st period - Wrist shot by Jamie Benn.
1:12 of 1st period - Shot Blocked by Ole-Kristian Tollefsen.
1:14 of 1st period - Slapshot by Ryan Johansen.
1:14 of 1st period - Shot Blocked by Ole-Kristian Tollefsen.
1:16 of 1st period - Snap shot by Ryan Johansen.
1:16 of 1st period - Shot Misses the Net.
1:18 of 1st period - Wrist shot by Jamie Benn.
1:18 of 1st period - Shot Misses the Net.
1:20 of 1st period - Slapshot by Brent Burns.
1:20 of 1st period - Shot Blocked by Drew Fata.
1:22 of 1st period - Slapshot by Jamie Benn.
1:22 of 1st period - Shot Misses the Net.
1:36 of 1st period - Wrist shot by Max Domi.
1:36 of 1st period - Stopped by Mike McKenna without a rebound.
1:37 of 1st period - T.J. Hensick wins face-off versus Adam Henrique in Red Wings zone.
2:56 of 1st period - Penalty to Carson Mcmillan is over, Carson Mcmillan is back on ice.
3:02 of 1st period - Snap shot by Carson Mcmillan.
3:02 of 1st period - Stopped by Michal Neuvirth with a rebound.
3:04 of 1st period - Slapshot by Drew Fata.
3:04 of 1st period - Deflect By Jeff Schultz.
3:04 of 1st period - Stopped by Michal Neuvirth without a rebound.
3:05 of 1st period - Noel Acciari wins face-off versus Dylan Larkin in Jets zone.
3:45 of 1st period - Jason Pominville is hit by Drew Fata and loses puck.
3:58 of 1st period - Slapshot by Noel Acciari.
3:58 of 1st period - Shot Misses the Net.
4:20 of 1st period - Wrist shot by Noel Acciari.
4:20 of 1st period - Shot Blocked by Dylan Larkin.
4:22 of 1st period - Slapshot by Jake McCabe.
4:22 of 1st period - Deflect By Ole-Kristian Tollefsen.
4:22 of 1st period - Stopped by Mike McKenna with a rebound.
4:24 of 1st period - Snap shot by Jason Pominville.
4:24 of 1st period - Stopped by Mike McKenna without a rebound.
4:25 of 1st period - Henrik Zetterberg wins face-off versus Ryan Johansen in Red Wings zone.
4:42 of 1st period - Wrist shot by Henrik Zetterberg.
4:42 of 1st period - Shot Misses the Net.
5:03 of 1st period - Snap shot by T.J. Hensick.
5:03 of 1st period - Stopped by Michal Neuvirth without a rebound.
5:03 of 1st period - Minor Penalty to Michal Neuvirth for Delaying the game.
5:04 of 1st period - Henrik Zetterberg wins face-off versus Linus Omark in Jets zone.
5:17 of 1st period - Snap shot by Nino Niederreiter.
5:17 of 1st period - Goal by Nino Niederreiter - Red Wings : 1 - Jets : 0.
5:18 of 1st period - Adam Henrique wins face-off versus Henrik Zetterberg in neutral zone.
5:45 of 1st period - Connor Brown is hit by Ryan Johansen and loses puck.
6:50 of 1st period - Snap shot by Mike Richards.
6:50 of 1st period - Shot Blocked by Noel Acciari.
7:08 of 1st period - Snap shot by Viktor Arvidsson.
7:08 of 1st period - Shot Blocked by Carson Mcmillan.
7:10 of 1st period - Snap shot by Jake McCabe.
7:10 of 1st period - Stopped by Mike McKenna with a rebound.
7:24 of 1st period - Nino Niederreiter is hit by Jake McCabe and loses puck.
8:12 of 1st period - Slapshot by Carson Mcmillan.
8:12 of 1st period - Shot Blocked by Jamie Benn.
8:14 of 1st period - Slapshot by Philip Samuelsson.
8:14 of 1st period - Shot Misses the Net.
8:16 of 1st period - Snap shot by Drew Fata.
8:16 of 1st period - Deflect By Dougie Hamilton.
8:16 of 1st period - Stopped by Michal Neuvirth with a rebound.
8:18 of 1st period - Wrist shot by Drew Fata.
8:18 of 1st period - Shot Misses the Net.
8:20 of 1st period - Wrist shot by Carson Mcmillan.
8:20 of 1st period - Stopped by Michal Neuvirth without a rebound.
8:21 of 1st period - Henrik Zetterberg wins face-off versus Adam Henrique in Jets zone.
8:24 of 1st period - Snap shot by Kris Versteeg.
8:24 of 1st period - Stopped by Michal Neuvirth without a rebound.
8:25 of 1st period - Adam Henrique wins face-off versus Henrik Zetterberg in Jets zone.
8:39 of 1st period - Minor Penalty to Nino Niederreiter for High sticking.
8:40 of 1st period - Kris Versteeg wins face-off versus Ryan Johansen in Red Wings zone.
9:13 of 1st period - Wrist shot by Kyle Okposo.
9:13 of 1st period - Shot Misses the Net.
9:15 of 1st period - Snap shot by Adam Henrique.
9:15 of 1st period - Stopped by Mike McKenna with a rebound.
9:17 of 1st period - Snap shot by Adam Henrique.
9:17 of 1st period - Shot Misses the Net.
9:27 of 1st period - Minor Penalty to Max Domi for Hooking.
9:28 of 1st period - Ryan Johansen wins face-off versus Henrik Zetterberg in Jets zone.
10:19 of 1st period - Minor Penalty to Adam Henrique for Holding.
10:20 of 1st period - Henrik Zetterberg wins face-off versus Linus Omark in Jets zone.
10:21 of 1st period - Slapshot by Marko Dano.
10:21 of 1st period - Stopped by Michal Neuvirth with a rebound.
10:23 of 1st period - Slapshot by Philip Samuelsson.
10:23 of 1st period - Shot Misses the Net.
10:25 of 1st period - Wrist shot by Henrik Zetterberg.
10:25 of 1st period - Stopped by Michal Neuvirth with a rebound.
10:27 of 1st period - Slapshot by Ole-Kristian Tollefsen.
10:27 of 1st period - Deflect By Henrik Zetterberg.
10:27 of 1st period - Shot Hit the Post.
10:27 of 1st period - Puck is out of play.
10:28 of 1st period - Henrik Zetterberg wins face-off versus Linus Omark in Jets zone.
10:33 of 1st period - Wrist shot by Henrik Zetterberg.
10:33 of 1st period - Shot Blocked by Johnny Boychuk.
10:35 of 1st period - Snap shot by Henrik Zetterberg.
10:35 of 1st period - Deflect By Marko Dano.
10:35 of 1st period - Stopped by Michal Neuvirth without a rebound.
10:36 of 1st period - Henrik Zetterberg wins face-off versus Linus Omark in Jets zone.
10:39 of 1st period - Penalty to Nino Niederreiter is over, Nino Niederreiter is back on ice.
10:47 of 1st period - Snap shot by Henrik Zetterberg.
10:47 of 1st period - Stopped by Michal Neuvirth with a rebound.
10:49 of 1st period - Snap shot by Nino Niederreiter.
10:49 of 1st period - Goal by Nino Niederreiter - Red Wings : 2 - Jets : 0.
10:50 of 1st period - Henrik Zetterberg wins face-off versus Noel Acciari in neutral zone.
12:19 of 1st period - Penalty to Adam Henrique is over, Adam Henrique is back on ice.
12:34 of 1st period - Snap shot by Adam Henrique.
12:34 of 1st period - Stopped by Mike McKenna without a rebound.
12:35 of 1st period - Adam Henrique wins face-off versus T.J. Hensick in Red Wings zone.
12:40 of 1st period - Wrist shot by Marcus Johansson.
12:40 of 1st period - Stopped by Mike McKenna with a rebound.
12:48 of 1st period - Adam Henrique is hit by Jiri Fischer and loses puck.
13:46 of 1st period - Wrist shot by Jordan Martinook.
13:46 of 1st period - Shot Blocked by Philip Samuelsson.
14:24 of 1st period - Snap shot by Michael Haley.
14:24 of 1st period - Stopped by Michal Neuvirth with a rebound.
14:58 of 1st period - Slapshot by Brent Burns.
14:58 of 1st period - Shot Blocked by Jiri Fischer.
15:14 of 1st period - Snap shot by Kyle Okposo.
15:14 of 1st period - Shot Misses the Net.
15:16 of 1st period - Slapshot by Johnny Boychuk.
15:16 of 1st period - Shot Misses the Net.
15:18 of 1st period - Slapshot by Johnny Boychuk.
15:18 of 1st period - Stopped by Mike McKenna with a rebound.
15:20 of 1st period - Wrist shot by Marcus Johansson.
15:20 of 1st period - Goal by Marcus Johansson - Red Wings : 2 - Jets : 1.
15:21 of 1st period - Ryan Johansen wins face-off versus Henrik Zetterberg in neutral zone.
15:38 of 1st period - Snap shot by Ryan Johansen.
15:38 of 1st period - Stopped by Mike McKenna with a rebound.
15:48 of 1st period - Alexander Wennberg is hit by Mike Richards and loses puck.
15:53 of 1st period - Slapshot by Connor Brown.
15:53 of 1st period - Shot Blocked by Marco Scandella.
15:55 of 1st period - Slapshot by Connor Brown.
15:55 of 1st period - Stopped by Michal Neuvirth with a rebound.
15:57 of 1st period - Snap shot by Mike Richards.
15:57 of 1st period - Stopped by Michal Neuvirth with a rebound.
15:59 of 1st period - Slapshot by David Rundblad.
15:59 of 1st period - Shot Blocked by Brent Burns.
16:01 of 1st period - Slapshot by Ryan O'Byrne.
16:01 of 1st period - Shot Blocked by Marco Scandella.
16:07 of 1st period - Minor Penalty to Alexander Wennberg for Roughing.
16:08 of 1st period - Noel Acciari wins face-off versus Henrik Zetterberg in Jets zone.
16:08 of 1st period - Noel Acciari is hit by Kris Versteeg.
16:20 of 1st period - Noel Acciari is hit by Henrik Zetterberg.
16:42 of 1st period - Snap shot by Dylan Larkin.
16:42 of 1st period - Stopped by Michal Neuvirth without a rebound.
16:43 of 1st period - Connor Brown wins face-off versus Ryan Johansen in Jets zone.
18:07 of 1st period - Penalty to Alexander Wennberg is over, Alexander Wennberg is back on ice.
18:08 of 1st period - Marco Scandella is hit by Mike Richards and loses puck.
18:25 of 1st period - Adam Henrique is hit by Michael Haley and loses puck.
18:59 of 1st period - David Rundblad is hit by Viktor Arvidsson and loses puck.
19:16 of 1st period - Minor Penalty to Noel Acciari for Slashing.
19:17 of 1st period - Henrik Zetterberg wins face-off versus Jason Pominville in Jets zone.
Goals for this period are 2 for Red Wings vs 1 for Jets.
Shots for this period are 17 for Red Wings vs 11 for Jets.
2nd period
0:01 of 2nd period - Jason Pominville wins face-off versus Henrik Zetterberg in neutral zone.
0:06 of 2nd period - Backhand shot by Linus Omark.
0:06 of 2nd period - Shot Misses the Net.
0:08 of 2nd period - Snap shot by Jeff Schultz.
0:08 of 2nd period - Stopped by Mike McKenna with a rebound.
1:16 of 2nd period - Penalty to Noel Acciari is over, Noel Acciari is back on ice.
1:20 of 2nd period - Slapshot by Adam Henrique.
1:20 of 2nd period - Shot Blocked by David Rundblad.
1:28 of 2nd period - Wrist shot by T.J. Hensick.
1:28 of 2nd period - Shot Blocked by Marco Scandella.
1:30 of 2nd period - Wrist shot by Michael Haley.
1:30 of 2nd period - Shot Blocked by Brent Burns.
2:38 of 2nd period - Dougie Hamilton is hit by Jordin Tootoo.
3:13 of 2nd period - Slapshot by Connor Brown.
3:13 of 2nd period - Shot Blocked by Johnny Boychuk.
3:34 of 2nd period - Linus Omark is hit by Jordin Tootoo and loses puck.
3:45 of 2nd period - Henrik Zetterberg is hit by Ryan Johansen and loses puck.
4:21 of 2nd period - Ole-Kristian Tollefsen is hit by Marcus Johansson and loses puck.
4:26 of 2nd period - Snap shot by Marcus Johansson.
4:26 of 2nd period - Stopped by Mike McKenna without a rebound.
4:27 of 2nd period - Henrik Zetterberg wins face-off versus Adam Henrique in Red Wings zone.
4:45 of 2nd period - Slapshot by Kyle Okposo.
4:45 of 2nd period - Shot Misses the Net.
4:53 of 2nd period - Snap shot by Adam Henrique.
4:53 of 2nd period - Shot Misses the Net.
4:55 of 2nd period - Slapshot by Dougie Hamilton.
4:55 of 2nd period - Stopped by Mike McKenna without a rebound.
4:56 of 2nd period - Mike Richards wins face-off versus Ryan Johansen in Red Wings zone.
5:09 of 2nd period - Snap shot by Mike Richards.
5:09 of 2nd period - Stopped by Michal Neuvirth without a rebound.
5:10 of 2nd period - Henrik Zetterberg wins face-off versus Ryan Johansen in Jets zone.
5:25 of 2nd period - Snap shot by Jamie Benn.
5:25 of 2nd period - Stopped by Mike McKenna with a rebound.
5:27 of 2nd period - Slapshot by Jeff Schultz.
5:27 of 2nd period - Stopped by Mike McKenna with a rebound.
5:37 of 2nd period - Jeff Schultz is hit by Connor Brown and loses puck.
5:48 of 2nd period - Brent Burns is hit by Mike Richards and loses puck.
6:05 of 2nd period - Slapshot by Carson Mcmillan.
6:05 of 2nd period - Shot Misses the Net.
6:09 of 2nd period - Wrist shot by Dylan Larkin.
6:09 of 2nd period - Shot Blocked by Max Domi.
6:11 of 2nd period - Slapshot by Drew Fata.
6:11 of 2nd period - Stopped by Michal Neuvirth with a rebound.
8:05 of 2nd period - Snap shot by Jason Pominville.
8:05 of 2nd period - Stopped by Mike McKenna with a rebound.
9:31 of 2nd period - Snap shot by Carson Mcmillan.
9:31 of 2nd period - Stopped by Michal Neuvirth with a rebound.
9:35 of 2nd period - Backhand shot by Dylan Larkin.
9:35 of 2nd period - Shot Misses the Net.
9:37 of 2nd period - Slapshot by David Rundblad.
9:37 of 2nd period - Deflect By Dylan Larkin.
9:37 of 2nd period - Shot Misses the Net.
9:37 of 2nd period - Puck is out of play.
9:38 of 2nd period - Henrik Zetterberg wins face-off versus Linus Omark in Jets zone.
9:49 of 2nd period - Wrist shot by Nino Niederreiter.
9:49 of 2nd period - Stopped by Michal Neuvirth with a rebound.
10:11 of 2nd period - Snap shot by Adam Henrique.
10:11 of 2nd period - Stopped by Mike McKenna with a rebound.
10:13 of 2nd period - Slapshot by Brent Burns.
10:13 of 2nd period - Shot Misses the Net.
10:15 of 2nd period - Slapshot by Marcus Johansson.
10:15 of 2nd period - Stopped by Mike McKenna without a rebound.
10:16 of 2nd period - Ryan Johansen wins face-off versus Mike Richards in Red Wings zone.
10:52 of 2nd period - Snap shot by Dylan Larkin.
10:52 of 2nd period - Stopped by Michal Neuvirth without a rebound.
10:53 of 2nd period - Marcus Johansson wins face-off versus Henrik Zetterberg in Jets zone.
10:53 of 2nd period - Marcus Johansson is hit by Kris Versteeg.
11:25 of 2nd period - Slapshot by Philip Samuelsson.
11:25 of 2nd period - Shot Blocked by Jeff Schultz.
12:48 of 2nd period - Viktor Arvidsson is hit by Nino Niederreiter.
13:37 of 2nd period - Wrist shot by Jordin Tootoo.
13:37 of 2nd period - Stopped by Michal Neuvirth without a rebound.
13:38 of 2nd period - Ryan Johansen wins face-off versus Henrik Zetterberg in Jets zone.
13:43 of 2nd period - Snap shot by Ryan Johansen.
13:43 of 2nd period - Stopped by Mike McKenna with a rebound.
13:45 of 2nd period - Slapshot by Jamie Benn.
13:45 of 2nd period - Stopped by Mike McKenna without a rebound.
13:46 of 2nd period - Henrik Zetterberg wins face-off versus Ryan Johansen in Red Wings zone.
13:55 of 2nd period - Snap shot by Philip Samuelsson.
13:55 of 2nd period - Stopped by Michal Neuvirth without a rebound.
13:56 of 2nd period - Ryan Johansen wins face-off versus Henrik Zetterberg in Jets zone.
14:12 of 2nd period - Snap shot by Viktor Arvidsson.
14:12 of 2nd period - Stopped by Mike McKenna with a rebound.
14:22 of 2nd period - Kyle Okposo is hit by Marko Dano.
14:44 of 2nd period - Icing by Max Domi.
14:45 of 2nd period - Alexander Wennberg wins face-off versus Dylan Larkin in Jets zone.
14:45 of 2nd period - Alexander Wennberg is hit by Dylan Larkin.
15:11 of 2nd period - Snap shot by Carson Mcmillan.
15:11 of 2nd period - Stopped by Michal Neuvirth with a rebound.
15:13 of 2nd period - Wrist shot by Ole-Kristian Tollefsen.
15:13 of 2nd period - Stopped by Michal Neuvirth with a rebound.
15:27 of 2nd period - Snap shot by Carson Mcmillan.
15:27 of 2nd period - Deflect By Dylan Larkin.
15:27 of 2nd period - Stopped by Michal Neuvirth with a rebound.
16:01 of 2nd period - Snap shot by Dylan Larkin.
16:01 of 2nd period - Shot Blocked by Brent Burns.
16:03 of 2nd period - Wrist shot by Carson Mcmillan.
16:03 of 2nd period - Stopped by Michal Neuvirth with a rebound.
16:09 of 2nd period - Slapshot by Philip Samuelsson.
16:09 of 2nd period - Shot Misses the Net.
16:11 of 2nd period - Slapshot by Philip Samuelsson.
16:11 of 2nd period - Shot Blocked by Brent Burns.
16:13 of 2nd period - Snap shot by Carson Mcmillan.
16:13 of 2nd period - Shot Blocked by Max Domi.
16:19 of 2nd period - Ole-Kristian Tollefsen is hit by Linus Omark and loses puck.
16:48 of 2nd period - Snap shot by Linus Omark.
16:48 of 2nd period - Shot Blocked by Dylan Larkin.
16:50 of 2nd period - Slapshot by Max Domi.
16:50 of 2nd period - Shot Blocked by Jiri Fischer.
17:04 of 2nd period - Snap shot by Max Domi.
17:04 of 2nd period - Stopped by Mike McKenna without a rebound.
17:05 of 2nd period - Viktor Arvidsson wins face-off versus Kris Versteeg in Red Wings zone.
18:11 of 2nd period - Jake McCabe is hit by Michael Haley and loses puck.
18:44 of 2nd period - Snap shot by Ryan Johansen.
18:44 of 2nd period - Shot Misses the Net.
18:46 of 2nd period - Wrist shot by Viktor Arvidsson.
18:46 of 2nd period - Shot Hit the Post.
18:48 of 2nd period - Snap shot by Viktor Arvidsson.
18:48 of 2nd period - Stopped by Mike McKenna without a rebound.
18:49 of 2nd period - Henrik Zetterberg wins face-off versus Viktor Arvidsson in Red Wings zone.
19:16 of 2nd period - Mike Richards is hit by Adam Henrique and loses puck.
19:22 of 2nd period - Off-side.
19:23 of 2nd period - Adam Henrique wins face-off versus Henrik Zetterberg in neutral zone.
19:54 of 2nd period - Snap shot by Mike Richards.
19:54 of 2nd period - Stopped by Michal Neuvirth with a rebound.
Goals for this period are 0 for Red Wings vs 0 for Jets.
Shots for this period are 12 for Red Wings vs 13 for Jets.
3rd period
0:01 of 3rd period - Ryan Johansen wins face-off versus Henrik Zetterberg in neutral zone.
1:00 of 3rd period - Slapshot by Dougie Hamilton.
1:00 of 3rd period - Stopped by Mike McKenna with a rebound.
1:18 of 3rd period - Snap shot by Kris Versteeg.
1:18 of 3rd period - Shot Blocked by Marco Scandella.
1:20 of 3rd period - Wrist shot by David Rundblad.
1:20 of 3rd period - Shot Blocked by Marco Scandella.
1:52 of 3rd period - Slapshot by Adam Henrique.
1:52 of 3rd period - Shot Blocked by Ole-Kristian Tollefsen.
1:56 of 3rd period - Snap shot by Adam Henrique.
1:56 of 3rd period - Stopped by Mike McKenna without a rebound.
1:57 of 3rd period - Viktor Arvidsson wins face-off versus Nino Niederreiter in Red Wings zone.
2:09 of 3rd period - Minor Penalty to Jake McCabe for Slashing.
2:10 of 3rd period - Noel Acciari wins face-off versus Henrik Zetterberg in Jets zone.
3:24 of 3rd period - Marko Dano is hit by Brent Burns and loses puck.
4:03 of 3rd period - Jeff Schultz is hit by Mike Richards and loses puck.
4:09 of 3rd period - Penalty to Jake McCabe is over, Jake McCabe is back on ice.
4:50 of 3rd period - Snap shot by Alexander Wennberg.
4:50 of 3rd period - Stopped by Mike McKenna with a rebound.
5:04 of 3rd period - Drew Fata is hit by Noel Acciari and loses puck.
5:24 of 3rd period - Mike Richards is hit by Marcus Johansson and loses puck.
6:39 of 3rd period - Wrist shot by Philip Samuelsson.
6:39 of 3rd period - Stopped by Michal Neuvirth without a rebound.
6:40 of 3rd period - Henrik Zetterberg wins face-off versus Ryan Johansen in Jets zone.
7:09 of 3rd period - Snap shot by Dylan Larkin.
7:09 of 3rd period - Shot Blocked by Adam Henrique.
7:11 of 3rd period - Slapshot by Jiri Fischer.
7:11 of 3rd period - Deflect By Ryane Clowe.
7:11 of 3rd period - Shot Blocked by Adam Henrique.
7:11 of 3rd period - Puck is out of play.
7:12 of 3rd period - Adam Henrique wins face-off versus Dylan Larkin in Jets zone.
7:59 of 3rd period - Slapshot by Drew Fata.
7:59 of 3rd period - Stopped by Michal Neuvirth with a rebound.
8:01 of 3rd period - Slapshot by Drew Fata.
8:01 of 3rd period - Stopped by Michal Neuvirth with a rebound.
8:09 of 3rd period - Slapshot by Connor Brown.
8:09 of 3rd period - Stopped by Michal Neuvirth with a rebound.
8:11 of 3rd period - Slapshot by Drew Fata.
8:11 of 3rd period - Stopped by Michal Neuvirth with a rebound.
8:26 of 3rd period - Icing by Ole-Kristian Tollefsen.
8:27 of 3rd period - T.J. Hensick wins face-off versus Noel Acciari in Red Wings zone.
8:54 of 3rd period - Slapshot by Michael Haley.
8:54 of 3rd period - Stopped by Michal Neuvirth without a rebound.
8:55 of 3rd period - Henrik Zetterberg wins face-off versus Ryan Johansen in Jets zone.
8:56 of 3rd period - Snap shot by Nino Niederreiter.
8:56 of 3rd period - Deflect By Viktor Arvidsson.
8:56 of 3rd period - Shot Misses the Net.
8:56 of 3rd period - Puck is out of play.
8:57 of 3rd period - Ryan Johansen wins face-off versus Henrik Zetterberg in Jets zone.
9:36 of 3rd period - Snap shot by Kris Versteeg.
9:36 of 3rd period - Shot Blocked by Dougie Hamilton.
9:38 of 3rd period - Wrist shot by Henrik Zetterberg.
9:38 of 3rd period - Shot Misses the Net.
9:42 of 3rd period - Slapshot by Kris Versteeg.
9:42 of 3rd period - Stopped by Michal Neuvirth without a rebound.
9:43 of 3rd period - Ryan Johansen wins face-off versus Mike Richards in Jets zone.
10:19 of 3rd period - Wrist shot by Marcus Johansson.
10:19 of 3rd period - Stopped by Mike McKenna with a rebound.
10:21 of 3rd period - Slapshot by Marco Scandella.
10:21 of 3rd period - Deflect By Marcus Johansson.
10:21 of 3rd period - Stopped by Mike McKenna without a rebound.
10:22 of 3rd period - Mike Richards wins face-off versus Ryan Johansen in Red Wings zone.
10:34 of 3rd period - Off-side.
10:35 of 3rd period - Henrik Zetterberg wins face-off versus Adam Henrique in neutral zone.
11:07 of 3rd period - Slapshot by Marco Scandella.
11:07 of 3rd period - Shot Blocked by Philip Samuelsson.
11:24 of 3rd period - Icing by Brent Burns.
11:25 of 3rd period - Dylan Larkin wins face-off versus Alexander Wennberg in Jets zone.
12:05 of 3rd period - Minor Penalty to Carson Mcmillan for Tripping.
12:06 of 3rd period - Kris Versteeg wins face-off versus Marcus Johansson in Red Wings zone.
12:16 of 3rd period - Backhand shot by Dougie Hamilton.
12:16 of 3rd period - Goal by Dougie Hamilton - Red Wings : 2 - Jets : 2.
12:17 of 3rd period - Adam Henrique wins face-off versus Henrik Zetterberg in neutral zone.
12:22 of 3rd period - Slapshot by Jeff Schultz.
12:22 of 3rd period - Shot Blocked by Philip Samuelsson.
12:52 of 3rd period - Jamie Benn is hit by Marko Dano and loses puck.
13:46 of 3rd period - Jason Pominville is hit by Philip Samuelsson and loses puck.
14:35 of 3rd period - Jiri Fischer is hit by Johnny Boychuk and loses puck.
15:41 of 3rd period - Wrist shot by Noel Acciari.
15:41 of 3rd period - Deflect By Jason Pominville.
15:41 of 3rd period - Shot Misses the Net.
15:41 of 3rd period - Puck is out of play.
15:42 of 3rd period - Kyle Okposo wins face-off versus Mike Richards in Red Wings zone.
15:43 of 3rd period - Slapshot by Marcus Johansson.
15:43 of 3rd period - Deflect By Adam Henrique.
15:43 of 3rd period - Stopped by Mike McKenna with a rebound.
15:53 of 3rd period - Snap shot by Marcus Johansson.
15:53 of 3rd period - Stopped by Mike McKenna with a rebound.
16:13 of 3rd period - Off-side.
16:14 of 3rd period - Max Domi wins face-off versus Henrik Zetterberg in neutral zone.
16:24 of 3rd period - Nino Niederreiter is hit by Marco Scandella and loses puck.
16:43 of 3rd period - Snap shot by Alexander Wennberg.
16:43 of 3rd period - Stopped by Mike McKenna without a rebound.
16:44 of 3rd period - Mike Richards wins face-off versus Adam Henrique in Red Wings zone.
16:49 of 3rd period - Jeff Schultz is hit by David Rundblad and loses puck.
16:56 of 3rd period - Snap shot by Marko Dano.
16:56 of 3rd period - Stopped by Michal Neuvirth without a rebound.
16:57 of 3rd period - Adam Henrique wins face-off versus Henrik Zetterberg in Jets zone.
17:12 of 3rd period - Wrist shot by Marcus Johansson.
17:12 of 3rd period - Shot Misses the Net.
17:14 of 3rd period - Wrist shot by Jake McCabe.
17:14 of 3rd period - Shot Blocked by Nino Niederreiter.
17:45 of 3rd period - Minor Penalty to Linus Omark for Hooking.
17:46 of 3rd period - Noel Acciari wins face-off versus Henrik Zetterberg in Jets zone.
18:01 of 3rd period - Slapshot by Philip Samuelsson.
18:01 of 3rd period - Stopped by Michal Neuvirth without a rebound.
18:02 of 3rd period - Henrik Zetterberg wins face-off versus Noel Acciari in Jets zone.
18:36 of 3rd period - Slapshot by Dylan Larkin.
18:36 of 3rd period - Stopped by Michal Neuvirth without a rebound.
18:37 of 3rd period - Noel Acciari wins face-off versus Henrik Zetterberg in Jets zone.
19:12 of 3rd period - Snap shot by Connor Brown.
19:12 of 3rd period - Stopped by Michal Neuvirth without a rebound.
19:13 of 3rd period - Adam Henrique wins face-off versus Henrik Zetterberg in Jets zone.
19:25 of 3rd period - Icing by Henrik Zetterberg.
19:26 of 3rd period - Henrik Zetterberg wins face-off versus Noel Acciari in Red Wings zone.
19:33 of 3rd period - Slapshot by Jason Pominville.
19:33 of 3rd period - Shot Blocked by Kris Versteeg.
19:45 of 3rd period - Penalty to Linus Omark is over, Linus Omark is back on ice.
19:54 of 3rd period - Ryan Johansen is hit by Ole-Kristian Tollefsen and loses puck.
Goals for this period are 0 for Red Wings vs 1 for Jets.
Shots for this period are 11 for Red Wings vs 9 for Jets.
Overtime #1
0:01 of 1st overtime period - Henrik Zetterberg wins face-off versus Ryan Johansen in neutral zone.
0:08 of 1st overtime period - Snap shot by Henrik Zetterberg.
0:08 of 1st overtime period - Stopped by Michal Neuvirth without a rebound.
0:09 of 1st overtime period - Henrik Zetterberg wins face-off versus Ryan Johansen in Jets zone.
1:08 of 1st overtime period - Slapshot by Henrik Zetterberg.
1:08 of 1st overtime period - Deflect By Marko Dano.
1:08 of 1st overtime period - Shot Misses the Net.
1:08 of 1st overtime period - Puck is out of play.
1:09 of 1st overtime period - Adam Henrique wins face-off versus Mike Richards in Jets zone.
1:16 of 1st overtime period - Wrist shot by Nino Niederreiter.
1:16 of 1st overtime period - Stopped by Michal Neuvirth without a rebound.
1:17 of 1st overtime period - Mike Richards wins face-off versus Adam Henrique in Jets zone.
1:34 of 1st overtime period - Snap shot by Alexander Wennberg.
1:34 of 1st overtime period - Shot Blocked by Jiri Fischer.
1:36 of 1st overtime period - Slapshot by Marco Scandella.
1:36 of 1st overtime period - Shot Misses the Net.
1:42 of 1st overtime period - Snap shot by Alexander Wennberg.
1:42 of 1st overtime period - Deflect By Adam Henrique.
1:42 of 1st overtime period - Shot Misses the Net.
1:42 of 1st overtime period - Puck is out of play.
1:43 of 1st overtime period - Henrik Zetterberg wins face-off versus Ryan Johansen in Red Wings zone.
2:54 of 1st overtime period - Slapshot by Marco Scandella.
2:54 of 1st overtime period - Shot Blocked by David Rundblad.
3:47 of 1st overtime period - Icing by Marko Dano.
3:48 of 1st overtime period - Alexander Wennberg wins face-off versus Henrik Zetterberg in Red Wings zone.
3:49 of 1st overtime period - Wrist shot by Adam Henrique.
3:49 of 1st overtime period - Goal by Adam Henrique - Red Wings : 2 - Jets : 3.
Goals for this period are 0 for Red Wings vs 1 for Jets.
Shots for this period are 2 for Red Wings vs 1 for Jets.